 Dungeon Crawl Stone Soup version 0.29.1-12-g30fa7ad0bf (webtiles) character file.

Game seed: 11948402258465041886

758 stormannn the Chopper (level 7, -8/46 HPs)
             Began as a Gargoyle Fighter on Dec 31, 2022.
             Mangled by an ogre
             ... wielding a +0 giant club
              (11 damage)
             ... on level 5 of the Dungeon.
             The game lasted 00:05:20 (3432 turns).

stormannn the Chopper (Gargoyle Fighter)            Turns: 3432, Time: 00:05:21

Health: -8/46      AC: 11    Str: 19 (22) XL:     7   Next: 80%
Magic:  7/7        EV: 11    Int:  7 (8)  God:
Gold:   91         SH:  7    Dex:  8 (9)  Spells: 6/6 levels left

rFire   . . .      SeeInvis .   a - +0 war axe
rCold   . . .      Faith    .   l - +0 kite shield
rNeg    + . .      Spirit   .   b - +0 scale mail
rPois   ∞          Reflect  .   (no helmet)
rElec   +          Harm     .   (no cloak)
rCorr   .          Rampage  .   (no gloves)
Will    .....                   (no boots)
Stlth   ..........              (no amulet)
HPRegen 0.15/turn               g - +4 ring of evasion
MPRegen 0.10/turn               (no ring)

@: attractive
A: sickness immunity, AC +4, negative energy resistance 1, electricity
resistance, torment resistance 1, petrification resistance
a: no special abilities


You were on level 5 of the Dungeon.
You visited 1 branch of the dungeon, and saw 5 of its levels.

You collected 91 gold pieces.

Inventory:

Hand Weapons
 a - a +0 war axe (weapon)
Missiles
 i - 8 poisoned darts (quivered)
Armour
 b - a +0 scale mail (worn)
 l - a +0 kite shield (worn)
Jewellery
 g - a +4 ring of evasion (left hand)
Wands
 m - a wand of flame (18)
Scrolls
 h - a scroll of identify


   Skills:
 + Level 6.2 Fighting
 * Level 6.5 Axes
 - Level 3.2 Armour
 - Level 3.2 Shields


You had 6 spell levels left.
You didn't know any spells.
Your spell library was empty.

Dungeon Overview and Level Annotations

Branches:
Dungeon (6/15)
 Temple: D:4-7

Altars:
Yredelemnul


Innate Abilities, Weirdness & Mutations

You are immune to sickness and miasma.
Your stone body is resilient. (AC +4)
You are immune to poison.
You resist negative energy. (rN+)
You are resistant to electric shocks. (rElec)
You are resistant to unholy torment.
You are immune to petrification.


Message History

The iguana bites you but does no damage.
An orc comes into view. It is wielding a +0 dagger.
The ogre hits you with a +0 giant club!
* * * LOW HITPOINT WARNING * * *
The orc is attracted toward you. x2
The orc shouts!
You slash the ogre!
The ogre is moderately wounded.
You barely miss the iguana.
The iguana bites you but does no damage.
The ogre hits you with a +0 giant club.
* * * LOW HITPOINT WARNING * * *
You aren't carrying any potions.
Okay, then.
The orc is attracted toward you. The iguana attacks as you move away!
The iguana completely misses you.
You hit the iguana.
The iguana is heavily wounded.
The iguana bites you.
* * * LOW HITPOINT WARNING * * *
You completely miss the iguana.
The iguana is heavily wounded.
You block the iguana's attack. The iguana closely misses you.
You slash the iguana!
The iguana is almost dead.
The iguana misses you.
You hit the iguana.
You kill the iguana!
You feel your intelligence returning.
You slash the orc!
You kill the orc!
The orc wizard gestures at you while chanting.
The puff of flame hits you.
* * * LOW HITPOINT WARNING * * *
The orc wizard points at you and mumbles some strange words.
The magic dart hits you but does no damage.
You hit the ogre but do no damage.
The ogre is moderately wounded.
The ogre hits you with a +0 giant club!
You die...

#.## ##...##.#........##......
#O#####..####.....⌠.....#..#...
#.J.##.O.O.# #........#)##...##
##...#..###.# #.............###
#..l.w.## #.####........#####
#....### #....#..#§..### #....#
####.##Oow### #....# #..#o###
#....# ##@#.# #....# #.O.#
###### #####


You could see an ogre.

Vanquished Creatures
  A black bear (D:3)
  An ice beast (D:5)
  An ogre (D:5)
  A necrophage (D:5)
  A bullfrog (D:6)
  A scorpion (D:5)
  A jelly (D:5)
  2 hounds (D:5)
  3 iguanas (D:5)
  An orc wizard (D:5)
  Terence (D:2)
  2 adders (D:5)
  A shadow imp (D:3)
  A worm (D:2)
  2 dart slugs
  3 orcs
  4 bats
  6 endoplasms
  2 giant cockroaches
  3 hobgoblins
  11 jackals
  3 ball pythons (D:1)
  4 goblins
  4 kobolds (D:1)
  3 rats
63 creatures vanquished.

Notes
Turn   | Place    | Note
-------+----------+-------------------------------------------
     0 | D:1      | stormannn the Gargoyle Fighter began the quest for the Orb.
     0 | D:1      | Reached XP level 1. HP: 14/14 MP: 1/1
   268 | D:1      | Reached XP level 2. HP: 8/19 MP: 2/2
   563 | D:1      | Found a faded altar of an unknown god.
   710 | D:1      | Reached XP level 3. HP: 10/24 MP: 3/3
  1742 | D:2      | Noticed Terence
  1754 | D:2      | Killed Terence
  1755 | D:2      | Reached XP level 4. HP: 12/29 MP: 4/4
  2237 | D:3      | Noticed a black bear
  2245 | D:3      | Killed a black bear
  2246 | D:3      | Reached XP level 5. HP: 23/34 MP: 5/5
  2363 | D:3      | Found a basalt altar of Yredelemnul.
  2484 | D:3      | You fall into a shaft and drop 3 floors!
  2542 | D:6      | Reached XP level 6. HP: 15/40 MP: 6/6
  2738 | D:5      | Entered Level 5 of the Dungeon
  2750 | D:5      | Reached skill level 5 in Fighting
  2752 | D:5      | Reached skill level 5 in Axes
  2880 | D:5      | Reached XP level 7. HP: 40/44 MP: 7/7
  3432 | D:5      | Mangled by an ogre

Illustrated notes

Levels and vault maps discovered:
D:1:      erik_arrival_triangle_large, layout_loops_cross,
          hellmonk_ecumenical_altar_prayer_group
D:2:      layout_basic, serial_shops, shop, uniq_terence, uniq_robin
D:3:      layout_basic, nicolae_ru_the_path_less_chosen,
          mainiacjoe_overflow_six_doors_small, grunt_temple_overflow_holy_war,
          minmay_misc_feat_enclosed, dk_noncrumbling_3, grunt_ministairs_1,
          minmay_box_of_dots
D:5:      minmay_skewed_foursquare, layout_rooms, trog_three_pillars_becter,
          mainiacjoe_overflow_boulevard, nemelex_spade_bored_becter,
          uniq_crazy_yiuf_cottage
D:6:      layout_basic, nicolae_overflow_hidden_temple, serial_demonic,
          serial_demonic_e, serial_demonic_b, serial_demonic_g,
          serial_demonic_d, uniq_eustachio

Skill      XL: |  1  2  3  4  5  6  7 |
---------------+----------------------+-----
Axes           | 2 3 4 5 6 |  6.5
Fighting       | 4 5 6 |  6.2
Armour         | |  3.2
Shields        | |  3.2

Action                   |  1- 3 |  4- 6 |  7- 9 || total
-------------------------+-------+-------+-------++-------
Melee: War axe           |   114 |    65 |    48 ||   227
  Use: Scroll            |     1 |     1 |     2 ||     4
       Potion            |       |       |     5 ||     5
Armor: Scale mail        |    67 |    37 |    35 ||   139
Dodge: Dodged            |    65 |    44 |    18 ||   127
Block: Buckler           |    26 |     4 |       ||    30
       Kite shield       |       |    17 |    16 ||    33
